 Dungeon Crawl Stone Soup version 0.16.1-11-g651b585 (webtiles) character file.

132503 Shoikan the Slayer (level 16, -8/152 HPs)
             Began as a Minotaur Berserker on Mar 31, 2015.
             Was the Champion of Trog.
             Drowned by a drowned soul (12 damage)
             ... summoned by a merfolk avatar
             ... on level 1 of the Shoals on Apr 2, 2015.
             The game lasted 07:51:01 (38380 turns).

Shoikan the Slayer (Minotaur Berserker)            Turns: 38380, Time: 07:51:01

Health: -8/152     AC: 34    Str: 28      XL:     16   Next: 57%
Magic:  22/22      EV:  8    Int:  5 (9)  God:    Trog [******]
Gold:   1034       SH:  0    Dex: 14      Spells: 0 memorised, 15 levels left

rFire  + . .     SeeInvis +     v - +10 battleaxe "Wuvizxegom" {pain, -Cast rElec MR+}
rCold  + + .     Rnd*Rage +     R - +5 gold dragon armour
rNeg   . . .     SustAb   .     (no shield)
rPois  +         Gourm    +     S - +2 hat of the High Council {Archmagi, Wiz- Stlth-}
rElec  +         Spirit   .     h - +0 cloak
rCorr  .         Warding  .     V - +0 pair of gloves of Chimes {Str+2 SInv}
rMut   .         Stasis   .     i - +0 pair of boots
MR     ++...     NoCast   +     g - amulet of the gourmand
Stlth  ..........               N - ring of Gebiwias {+Inv +Fly rC+ MR- Str+4 Int+2}
                                o - ring of protection from magic

@: flying, mesmerised, very resistant to hostile enchantments, extremely
unstealthy
A: retaliatory headbutt, horns 2, berserk 1, frail 1, low mp 1
a: Burn Spellbooks, Berserk, Trog's Hand, Brothers in Arms, Renounce Religion,
Evoke Invisibility, Stop Flying


You were on level 1 of the Shoals.
You worshipped Trog.
Trog was exalted by your worship.
You were very full.

You visited 4 branches of the dungeon, and saw 28 of its levels.
You visited the Abyss 1 time.
You also visited: Labyrinth and Bailey.

You collected 3074 gold pieces.
You spent 2040 gold pieces at shops.

Inventory:

Hand weapons
 a - a +3 antimagic demon whip
 v - the +10 battleaxe "Wuvizxegom" (weapon) {pain, -Cast rElec MR+}
   (You found it on level 6 of the Lair of Beasts)

   In the hands of one skilled in necromantic magic, it inflicts extra damage on
   living creatures.
   It insulates you from electricity.
   It affects your resistance to hostile enchantments.
   It prevents spellcasting.
 C - a +1 antimagic triple sword
 H - a +7 antimagic executioner's axe
Armour
 h - a +0 cloak (worn)
 i - a +0 pair of boots (worn)
 p - the +7 chain mail of the Many Hells {Regen+ Int+4 Stlth-}
   (You found it on level 1 of the Lair of Beasts)

   It affects your intelligence (+4).
   It increases your rate of regeneration.
   It makes you less stealthy.
 R - a +5 gold dragon armour (worn)
 S - the +2 hat of the High Council (worn) {Archmagi, Wiz- Stlth-}
   (You found it on level 4 of the Lair of Beasts)

   It makes you less stealthy.
 V - the +0 pair of gloves of Chimes (worn) {Str+2 SInv}
   (You bought it in a shop on level 12 of the Dungeon)

   It affects your strength (+2).
   It enhances your eyesight.
Jewellery
 g - an amulet of the gourmand (around neck)
 m - an uncursed amulet of resist mutation
 o - a ring of protection from magic (left hand)
 r - an uncursed amulet of regeneration
 s - an uncursed ring of protection from cold
 N - the ring of Gebiwias (right hand) {+Inv +Fly rC+ MR- Str+4 Int+2}
   (You bought it in a shop on level 12 of the Dungeon)

   [ring of protection from cold]

   It affects your strength (+4).
   It affects your intelligence (+2).
   It protects you from cold.
   It affects your resistance to hostile enchantments.
   It lets you turn invisible.
   It lets you fly.
 U - an uncursed ring of teleport control
Magical devices
 e - a wand of digging (15)
 t - a wand of teleportation (5)
 u - a wand of teleportation (4)
 y - a wand of lightning (6)
 D - a wand of digging (5)
 E - a wand of frost (39)
 F - a wand of fireball (5)
 K - a wand of digging (5)
 T - a wand of cold (4)
Scrolls
 b - 7 scrolls of blinking
 d - 3 scrolls of fear {unknown}
 k - 9 scrolls of remove curse
 l - 2 scrolls of silence {unknown}
 q - 4 scrolls of teleportation
 Q - a scroll of magic mapping
 X - 3 scrolls of fog
Potions
 f - 2 potions of haste
 j - 2 potions of invisibility {unknown}
 w - 7 potions of curing
 x - 2 potions of heal wounds
 z - 3 potions of might
 A - a potion of magic {unknown}
 B - a potion of lignification
 J - 5 potions of restore abilities
Miscellaneous
 n - a phantom mirror
 I - a stone of tremors
Comestibles
 c - 11 bread rations
 G - 4 chunks of flesh


   Skills:
 + Level 22.1 Fighting
 + Level 12.0(13.6) Axes
 - Level 11.0(13.1) Maces & Flails
 + Level 17.8 Armour
 - Level 2.1 Dodging
 - Level 10.0 Evocations


You had 15 spell levels left.
You didn't know any spells.

Dungeon Overview and Level Annotations

Branches:
Dungeon (15/15)            Temple (0/1) D:7            Lair (8/8) D:9
 Shoals (1/5) Lair:3       Spider (0/5) Lair:3        Slime (0/6) Lair:8
    Orc (4/4) D:9             Elf (0/3) Orc:4        Vaults (0/5) D:14
 Depths (0/5) D:15

Altars:
Elyvilon
Makhleb
Nemelex Xobeh
Okawaru
Qazlal
Sif Muna
Vehumet
The Shining One
Beogh
Jiyva
Lugonu

Shops:
D:6 [   D:12 =[[[!   Orc:4 %(=}

Portals:
Hell: Lair:8
Trove: D:15 (give 12 potions of heal wounds)


Innate Abilities, Weirdness & Mutations

You reflexively headbutt those who attack you in melee.
You have a pair of horns on your head.
You tend to lose your temper in combat.
You are frail (-10% HP).
Your magical capacity is low (-10% MP).


Message History

The merfolk avatar is moderately wounded.
The drowned soul touches you. The drowned soul drowns you!
* * * LOW HITPOINT WARNING * * *
The merfolk avatar chants its luring song.
You cannot move away from the merfolk avatar!
You cannot move away from the merfolk avatar!
You barely miss the merfolk avatar.
The merfolk avatar is moderately wounded.
The merfolk avatar chants its luring song.
You slice the merfolk avatar!!
The merfolk avatar is severely wounded.
You slash the drowned soul!
The drowned soul is heavily damaged.
The drowned soul touches you. The drowned soul drowns you!
* * * LOW HITPOINT WARNING * * *
You closely miss the merfolk avatar. You headbutt the merfolk avatar!
The merfolk avatar is severely wounded.
You closely miss the drowned soul. The drowned soul touches you.
The drowned soul drowns you!
You die...

≈≈≈PP≈≈...≈≈≈≈##≈≈
≈≈≈≈≈P≈≈≈PP...≈≈≈#8≈≈
≈≈≈≈WPPPPP####...≈##≈≈
≈≈≈≈≈P≈P≈≈.## ##. 8≈≈
≈≈≈≈≈P≈≈P≈≈..# ##≈≈
≈≈≈≈≈WP≈≈≈≈..# ##≈
≈≈≈≈≈≈PP≈≈≈..# #≈
≈≈≈≈≈≈≈m≈≈≈≈?##
≈≈≈≈W≈≈≈@≈)≈..#
≈≈≈≈≈≈≈≈≈≈≈...#
≈≈≈≈≈≈≈≈≈≈...#
≈≈≈≈≈≈≈≈≈≈≈.##
≈≈≈≈≈≈≈≈≈.$.#
≈≈≈≈≈W≈≈...#
≈≈≈≈≈≈≈....
≈≈≈≈≈...... ≈≈.(###...


You could see a merfolk avatar and 4 drowned souls.

Vanquished Creatures
  A bone dragon (Abyss:1)
  5 tentacled starspawn (Abyss:1)
  Maud (D:15)
  The ghost of Tungsten the Bludgeoner, a powerful OgIE of Kikubaaqudgha (Lair:7)
  Louise (D:15)
  A balrug (Abyss:1)
  A cacodemon (Abyss:1)
  An ironheart preserver (Abyss:1)
  The ghost of McCoppin the Cleaver, a powerful NaGl of Ru (Lair:5)
  Snorg (Lair:4)
  A minotaur (Lab)
  A yaktaur captain (D:15)
  Fannar (D:14)
  Harold (Orc:2)
  9 hydras
  Nessos (D:13)
  4 ogre magi
  Erica (D:13)
  6 centaur warriors
  2 tengu warriors
  The ghost of kobby the Protected, an experienced HuAK of Lugonu (D:8)
  11 death yaks
  Nergalle (Lair:2)
  The ghost of ztt the Cleaver, an experienced MiFi of Okawaru (D:7)
  A wretched star (Abyss:1)
  2 thrashing horrors (Abyss:1)
  A sun demon (Lair:8)
  A shadow wraith (D:14)
  3 skeletal warriors (D:13)
  A sea snake (Shoals:1)
  A wizard (Lair:8)
  A shadow demon (Abyss:1)
  2 hill giants
  3 unseen horrors
  An anubis guard (shapeshifter) (D:13)
  An orb spider (Lair:3)
  A wolf spider zombie (D:15)
  An orc knight (D:15)
  A phantasmal warrior (D:15)
  6 griffons
  A manticore (D:15)
  12 ugly things
  2 worldbinders (Abyss:1)
  A sixfirhy (Lair:8)
  2 cyclopes (D:15)
  7 elephants
  A siren (Lair:3)
  Maurice (D:8)
  3 smoke demons
  An apocalypse crab (Abyss:1)
  8 black mambas
  2 dire elephant skeletons (Abyss:1)
  6 komodo dragons
  A rust devil (Abyss:1)
  4 orange demons (Lair:8)
  4 fire drakes
  15 spiny frogs
  4 yaktaurs
  A kobold demonologist (D:13)
  A guardian mummy (D:15)
  A tengu conjurer (D:15)
  2 ancient zymes (Abyss:1)
  A red devil (Lair:8)
  5 trolls
  3 blue devils (Lair:8)
  A freezing wraith (D:15)
  Sonja (D:12)
  9 merfolk
  18 two-headed ogres
  13 blink frogs
  6 ravens
  2 polar bears (shapeshifter) (D:15)
  4 raiju (Abyss:1)
  4 basilisks
  A vampire (D:15)
  2 alligator zombies (Abyss:1)
  2 centaur simulacra
  A trapdoor spider (D:12)
  5 slime creatures
  A wraith (D:12)
  40 yaks
  3 wyverns
  A shadow (D:12)
  7 small abominations (Abyss:1)
  A chaos spawn (Abyss:1)
  4 ynoxinuls (Abyss:1)
  Eustachio (D:5)
  3 deep elf magi
  9 hungry ghosts
  2 hogs (shapeshifter) (D:15)
  Grum (D:8)
  A mottled dragon (D:15)
  A neqoxec (Abyss:1)
  5 hippogriffs
  13 wolves
  A naga (shapeshifter) (D:14)
  A deep elf fighter (D:14)
  11 porcupines
  2 hell hounds (Lair:8)
  17 water moccasins
  2 wargs (D:15)
  6 sky beasts
  A black bear (Lair:3)
  7 large abominations (Abyss:1)
  5 ice beasts
  2 phantoms
  38 ogres
  2 boring beetles
  22 orc warriors
  10 centaurs
  2 necrophages
  16 crocodiles
  A big kobold (shapeshifter) (Abyss:1)
  Duvessa (D:4)
  2 gnoll sergeants
  24 giant frogs
  A big kobold (D:9)
  A brain worm (Abyss:1)
  A water moccasin zombie (D:8)
  A wyvern skeleton (D:11)
  7 killer bees (D:9)
  6 scorpions
  4 wights (D:9)
  2 electric eels
  Dowan (D:4)
  12 crimson imps
  3 centaur zombies
  A goliath beetle (D:4)
  13 hounds
  15 starcursed masses (Abyss:1)
  4 giant frog skeletons
  2 jellies
  5 centaur skeletons
  3 quasits (Abyss:1)
  17 orc priests
  11 iguanas
  21 orc wizards
  12 worker ants
  17 sheep
  3 hound skeletons
  A hound zombie (D:6)
  36 adders
  9 gnolls
  50 river rats
  2 giant mites
  A white imp (Abyss:1)
  2 shadow imps
  6 worms
  5 ufetubi (Abyss:1)
  An adder skeleton (D:5)
  7 giant geckos
  157 orcs
  A ball python (D:1)
  A bat skeleton (D:7)
  19 hobgoblins
  26 kobolds
  12 quokkas
  10 bats
  5 giant cockroaches
  A giant cockroach zombie (D:6)
  3 giant newts
  23 goblins
  2 jackals (D:9)
  20 rats
  3 ballistomycetes (D:9)
  5 bushes
  7 fungi
  17 plants
  A starspawn tentacle (Abyss:1)
1102 creatures vanquished.

Vanquished Creatures (collateral kills)
  A water moccasin (Lair:8)
1 creature vanquished.

Vanquished Creatures (others)
  An ogre mage (Orc:4)
  An unseen horror (D:15)
  3 drowned souls (Shoals:1)
  An ogre (Lair:8)
  A sky beast (D:9)
  2 orcs (Orc:3)
  A giant spore (D:9)
  2 fungi (Lair:8)
  5 plants (Lair:8)
  11 starspawn tentacles (Abyss:1)
  49 starspawn tentacle segments (Abyss:1)
77 creatures vanquished.

Grand Total: 1180 creatures vanquished

Notes
Turn   | Place    | Note
--------------------------------------------------------------
     0 | D:1      | Shoikan, the Minotaur Berserker, began the quest for the Orb.
     0 | D:1      | Reached XP level 1. HP: 19/19 MP: 1/1
   180 | D:1      | Reached skill level 4 in Maces & Flails
   620 | D:1      | Reached XP level 2. HP: 20/26 MP: 1/1
   959 | D:2      | Reached skill level 5 in Maces & Flails
   976 | D:2      | Reached XP level 3. HP: 21/31 MP: 2/2
  1197 | D:2      | Acquired Trog's second power
  1739 | D:2      | Found a white marble altar of Elyvilon.
  1739 | D:2      | Found a deep blue altar of Sif Muna.
  1841 | D:3      | Reached XP level 4. HP: 39/39 MP: 2/2
  1850 | D:3      | Reached skill level 6 in Maces & Flails
  2079 | D:3      | Noticed an ice beast
  2084 | D:3      | Killed an ice beast
  2084 | D:3      | Reached skill level 7 in Maces & Flails
  2084 | D:3      | Reached XP level 5. HP: 45/45 MP: 2/2
  2230 | D:3      | Found an iron altar of Okawaru.
  2233 | D:3      | Found a glowing golden altar of the Shining One.
  2236 | D:3      | Found a stormy altar of Qazlal.
  2294 | D:3      | Reached skill level 8 in Maces & Flails
  2294 | D:3      | Reached XP level 6. HP: 43/51 MP: 3/3
  2455 | D:4      | Noticed Dowan
  2457 | D:4      | Noticed Duvessa
  2472 | D:4      | Killed Duvessa
  2474 | D:5      | Entered Level 5 of the Dungeon
  2613 | D:5      | Reached skill level 9 in Maces & Flails
  2666 | D:5      | Noticed Eustachio
  2676 | D:5      | Killed Eustachio
  2676 | D:5      | Reached skill level 10 in Maces & Flails
  2676 | D:5      | Reached XP level 7. HP: 57/57 MP: 3/3
  2977 | D:4      | Found a burning altar of Makhleb.
  2977 | D:4      | Found a radiant altar of Vehumet.
  3250 | D:4      | Reached skill level 11 in Maces & Flails
  3808 | D:5      | Reached XP level 8. HP: 56/67 MP: 3/3
  3904 | D:5      | Reached skill level 5 in Fighting
  4001 | D:4      | Killed Dowan
  4704 | D:6      | Found a sparkling altar of Nemelex Xobeh.
  4861 | D:6      | Acquired Trog's third power
  5000 | D:6      | Found a white marble altar of Elyvilon.
  5100 | D:6      | Reached skill level 5 in Armour
  5257 | D:6      | Found Cladghuag's Armour Shoppe.
  5295 | D:6      | Received a gift from Trog
  5998 | D:7      | Reached XP level 9. HP: 30/82 MP: 4/4
  6072 | D:7      | Found a flagged portal.
  6091 | Bailey   | Entered a bailey
  6323 | Bailey   | Found an iron altar of Okawaru.
  6844 | D:7      | Noticed ztt's ghost (experienced MiFi)
  6873 | D:8      | Reached skill level 10 in Fighting
  6982 | D:8      | Noticed Maurice
  7074 | D:8      | Noticed Grum
  7422 | D:7      | Found a staircase to the Ecumenical Temple.
  7557 | D:7      | Killed ztt's ghost
  7557 | D:7      | Reached XP level 10. HP: 97/97 MP: 4/4
  7745 | D:8      | Noticed kobby's ghost (experienced HuAK)
  7763 | D:8      | Killed kobby's ghost
  7763 | D:8      | Reached skill level 12 in Fighting
  7829 | D:8      | Killed Maurice
  8111 | D:8      | Killed Grum
  8111 | D:8      | Reached skill level 13 in Fighting
  9280 | D:9      | Received a gift from Trog
  9306 | D:9      | Found a staircase to the Lair.
  9310 | Lair:1   | Entered Level 1 of the Lair of Beasts
  9475 | Lair:1   | Reached skill level 14 in Fighting
  9644 | Lair:1   | Reached skill level 1 in Evocations
  9647 | Lair:1   | Reached XP level 11. HP: 88/110 MP: 1/6
  9654 | Lair:1   | Reached skill level 10 in Armour
 10560 | Lair:1   | Got a brightly glowing chain mail
 10571 | Lair:1   | Identified the +7 chain mail of the Many Hells {Regen+ Int+4 Stlth-} (You found it on level 1 of the Lair of Beasts)
 11144 | Lair:2   | Reached skill level 15 in Fighting
 11467 | Lair:2   | Noticed Nergalle
 11481 | Lair:2   | Killed Nergalle
 11484 | Lair:2   | Received a gift from Trog
 12139 | Lair:3   | Noticed a six-headed hydra
 12159 | Lair:3   | Killed a six-headed hydra
 12164 | Lair:3   | Reached skill level 5 in Evocations
 12450 | Lair:3   | Reached skill level 16 in Fighting
 12450 | Lair:3   | Reached XP level 12. HP: 122/122 MP: 5/15
 12706 | Lair:3   | Found a hole to the Spider Nest.
 12963 | Lair:3   | Found a staircase to the Shoals.
 13869 | Lair:4   | Noticed Snorg
 13885 | Lair:4   | Killed Snorg
 13885 | Lair:4   | Received a gift from Trog
 14130 | Lair:4   | Reached skill level 17 in Fighting
 14511 | Lair:5   | Found a staircase to the Swamp.
 14739 | Lair:2   | Noticed a five-headed hydra
 14747 | Lair:2   | Killed a five-headed hydra
 14968 | Lair:5   | You fall through a shaft for 2 floors!
 15129 | Lair:7   | Noticed Tungsten's ghost (powerful OgIE)
 15175 | Lair:7   | Killed Tungsten's ghost
 15175 | Lair:7   | Reached XP level 13. HP: 76/134 MP: 6/20
 15370 | Lair:7   | Reached skill level 18 in Fighting
 15500 | Lair:6   | Received a gift from Trog
 15682 | Lair:6   | Got an ancient battleaxe
 15768 | Lair:7   | Noticed a four-headed hydra
 16505 | Lair:5   | Noticed McCoppin's ghost (powerful NaGl)
 16522 | Lair:5   | Killed McCoppin's ghost
 16553 | Lair:5   | Received a gift from Trog
 17252 | Lair:7   | Killed a four-headed hydra
 17347 | Lair:8   | Entered Level 8 of the Lair of Beasts
 17459 | Lair:7   | Got a fine scale mail
 17632 | Lair:8   | Reached skill level 19 in Fighting
 17731 | Lair:8   | Found a staircase to the Slime Pits.
 17731 | Lair:8   | Found a viscous altar of Jiyva.
 18234 | Lair:8   | Reached XP level 14. HP: 144/146 MP: 7/22
 18490 | Lair:1   | Identified the +10 battleaxe "Wuvizxegom" {pain, -Cast rElec MR+} (You found it on level 6 of the Lair of Beasts)
 18511 | Lair:1   | Identified the +3 scale mail of Weightlessness {rElec Int+4} (You found it on level 7 of the Lair of Beasts)
 19238 | Lair:8   | Received a gift from Trog
 19817 | Lair:8   | Found a burning altar of Makhleb.
 20084 | Lair:8   | Found a gateway to Hell.
 20326 | D:9      | Found a roughly hewn altar of Beogh.
 20328 | D:9      | Found a staircase to the Orcish Mines.
 20578 | D:9      | Received a gift from Trog
 20721 | D:9      | Reached skill level 10 in Evocations
 20852 | D:9      | Reached skill level 1 in Axes
 20930 | D:9      | Reached skill level 20 in Fighting
 21027 | Orc:1    | Entered Level 1 of the Orcish Mines
 21063 | Orc:1    | Found a roughly hewn altar of Beogh.
 21375 | Orc:2    | Noticed Harold
 21382 | Orc:2    | Received a gift from Trog
 21395 | Orc:2    | Killed Harold
 22070 | Orc:4    | Entered Level 4 of the Orcish Mines
 22075 | Orc:4    | Found a staircase to the Elven Halls.
 22233 | Orc:4    | Received a gift from Trog
 23426 | Orc:4    | Found Oriedulaim's Gadget Shoppe.
 23426 | Orc:4    | Found Estra's Weapon Shop.
 23427 | Orc:4    | Found Khiptaqean's Jewellery Shop.
 23427 | Orc:4    | Found Yrhezuigh's Food Emporium.
 23653 | Orc:4    | Paralysed by an ogre mage for 3 turns
 23702 | Orc:3    | Reached skill level 15 in Armour
 23940 | Orc:3    | Received a gift from Trog
 23941 | Orc:3    | Got an ichor-stained dire flail {god gift}
 23946 | Orc:3    | Identified the +2 dire flail of Untruth {holy, Int+3} (Trog gifted it to you on level 3 of the Orcish Mines)
 24083 | Orc:4    | Bought an uncursed amulet of resist mutation for 480 gold pieces
 24083 | Orc:4    | Bought an uncursed amulet of the gourmand for 360 gold pieces
 24300 | Orc:4    | Reached skill level 5 in Axes
 24617 | D:10     | Entered Level 10 of the Dungeon
 25337 | D:10     | You fall through a shaft for 2 floors!
 25422 | D:12     | Found Cuutosko's Antique Armour Shop.
 25531 | D:12     | Noticed Sonja
 25551 | D:12     | Killed Sonja
 25571 | D:12     | Found Klut's Distillery.
 25580 | D:12     | Bought a potion of heal wounds for 75 gold pieces
 25580 | D:12     | Bought a potion of might for 60 gold pieces
 25580 | D:12     | Bought a potion of curing for 45 gold pieces
 25611 | D:12     | Found Peruil's Armour Shoppe.
 25612 | D:12     | Found Oles' Antique Armour Emporium.
 25619 | D:12     | Bought the +0 pair of gloves of Chimes {Str+2 SInv} for 278 gold pieces
 25720 | D:12     | Found Gracem's Jewellery Shop.
 25726 | D:12     | Bought the ring of Gebiwias {+Inv +Fly rC+ MR- Str+4 Int+2} for 742 gold pieces
 25739 | D:12     | Received a gift from Trog
 27156 | D:10     | Reached XP level 15. HP: 156/156 MP: 25/25
 28267 | D:13     | Received a gift from Trog
 28468 | D:13     | Noticed Nessos
 28482 | D:13     | Killed Nessos
 28568 | D:13     | Noticed Erica
 28590 | D:13     | Killed Erica
 29292 | D:14     | Found a corrupted altar of Lugonu.
 29442 | D:14     | Found a gate to the Vaults.
 29579 | D:14     | Found a labyrinth entrance.
 29593 | Lab      | Entered a labyrinth
 32453 | D:14     | Noticed Fannar
 32464 | D:14     | Killed Fannar
 32731 | D:14     | Reached skill level 21 in Fighting
 32886 | D:15     | Entered Level 15 of the Dungeon
 32918 | D:14     | Received a gift from Trog
 33412 | D:15     | Found a runed door.
 34539 | D:15     | Found a portal to a secret trove of treasure.
 34785 | D:15     | Noticed Maud
 34797 | D:15     | Killed Maud
 34838 | D:15     | Found a staircase to the Depths.
 35074 | D:15     | Received a gift from Trog
 35219 | D:15     | Reached skill level 10 in Axes
 35362 | D:15     | Noticed Louise
 35363 | D:15     | Cast into the Abyss (Louise)
 35363 | Abyss:1  | Found a corrupted altar of Lugonu.
 35422 | Abyss:1  | Noticed a tentacled starspawn
 35448 | Abyss:1  | Killed a tentacled starspawn
 35554 | Abyss:1  | Reached XP level 16. HP: 150/167 MP: 25/25
 35727 | Abyss:1  | Noticed a tentacled starspawn
 35732 | Abyss:1  | Killed a tentacled starspawn
 35759 | Abyss:1  | Noticed a tentacled starspawn
 35763 | Abyss:1  | Killed a tentacled starspawn
 35783 | Abyss:1  | Paralysed by you for 6 turns
 35872 | Abyss:1  | Noticed a bone dragon
 35883 | Abyss:1  | Killed a bone dragon
 35944 | Abyss:1  | Found a radiant altar of Vehumet.
 35949 | Abyss:1  | HP: 1/168 [starcursed mass (9)]
 36115 | Abyss:1  | Noticed a tentacled starspawn
 36120 | Abyss:1  | Killed a tentacled starspawn
 36440 | Abyss:1  | Gained mutation: You are frail (-10% HP). [a cacodemon]
 36442 | Abyss:1  | Gained mutation: Your magical capacity is low (-10% MP). [a cacodemon]
 36445 | Abyss:1  | Gained mutation: You tend to lose your temper in combat. [a cacodemon]
 36553 | Abyss:1  | Paralysed by accursed screaming for 1 turns
 36643 | Abyss:1  | Noticed a tentacled starspawn
 36647 | Abyss:1  | Killed a tentacled starspawn
 36700 | D:15     | Escaped the Abyss
 36710 | D:15     | Killed Louise
 36710 | D:15     | Reached skill level 22 in Fighting
 38246 | Shoals:1 | Entered Level 1 of the Shoals
 38321 | Shoals:1 | Received a gift from Trog
 38379 | Shoals:1 | HP: 4/152 [drowned by a drowned soul[a merfolk avatar] (11)]
 38380 | Shoals:1 | Drowned by a drowned soul

Action                   |  1- 3 |  4- 6 |  7- 9 | 10-12 | 13-15 | 16-18 || total
-------------------------+-------+-------+-------+-------+-------+-------++-------
Melee: Mace              |    88 |    67 |       |       |       |       ||   155
       Morningstar       |       |    46 |   409 |   275 |       |       ||   730
       Dire flail        |       |       |       |   623 |   515 |       ||  1138
       Unarmed           |       |       |       |       |   349 |       ||   349
       Battleaxe         |       |       |       |       |   723 |   314 ||  1037
       Demon whip        |       |       |       |       |       |     3 ||     3
Throw: Tomahawk          |       |       |    21 |     6 |       |       ||    27
Invok: Trog's Hand       |       |     2 |     4 |     3 |     8 |     1 ||    18
       Berserk           |       |     2 |     3 |     2 |     8 |       ||    15
       Burn Spellbooks   |       |       |     4 |       |     5 |       ||     9
       Brothers in Arms  |       |       |       |       |     1 |       ||     1
 Abil: Evoke Flight      |       |       |       |       |       |     1 ||     1
       Evoke Teleport Co |       |       |       |       |       |     1 ||     1
Evoke: Wand              |       |       |       |       |     1 |       ||     1
  Use: Scroll            |     1 |     2 |     7 |     9 |    20 |     2 ||    41
       Potion            |       |       |     1 |       |     2 |     4 ||     7
  Eat: Chunk             |     2 |     5 |    18 |    29 |   154 |    14 ||   222
       Fruit             |       |       |     2 |       |       |       ||     2
       Bread ration      |       |       |     1 |       |     1 |     1 ||     3
       Beef jerky        |       |       |     1 |       |       |       ||     1
       Meat ration       |       |       |       |       |     1 |       ||     1
       Pizza             |       |       |       |       |     1 |       ||     1
